[Event "ICC Open 2015"]
[Site "Internet Chess Club"]
[Date "2015.05.30"]
[Round "6"]
[White "blackdaysrook"]
[Black "akibael"]
[Result "0-1"]
[ICCResult "White forfeits on time"]
[WhiteElo "1684"]
[BlackElo "2343"]
[Opening "French: advance, Paulsen attack"]
[ECO "B30"]
[NIC "SI.31"]
[Time "19:51:54"]
[TimeControl "180+0"]

1. e4 c5 2. Nf3 Nc6 3. c3 e6 4. d4 d5 5. e5 Nge7 6. Bd3 cxd4 7. cxd4 Nf5 8.
Bxf5 exf5 9. O-O Be7 10. Nc3 Be6 11. Be3 O-O 12. Ne2 h6 13. Rc1 g5 14. h4 f4
15. Bd2 Qd7 16. hxg5 hxg5 17. g3 Bg4 18. Kg2 Bh3+ 19. Kh2 Bxf1 20. Qxf1 Kg7
21. gxf4 Rh8+ 22. Kg1 Qg4+ 23. Qg2 Qxg2+ 24. Kxg2 gxf4 25. Nxf4 Rad8 26. b4
a6 27. a3 Rhg8 28. Nh5+ Kf8+ 29. Kf1 Rh8 30. Nf6 Bxf6 31. exf6 Rh1+ 32. Ke2
Rxc1 33. Bxc1 Rd6 34. Bg5 Nd8 35. Ne5 Ne6 36. Be3 Nd8 37. Bg5 Nc6 38. Kd3
Nxe5+ 39. dxe5 Rc6 40. Be3 Rc4 41. Bc5+ Ke8 42. Bd6 Kd7 43. f3 Ke6 44. Ke3
b5 45. Kd3 Kf5 46. Bb8 Ke6 47. Bd6 d4 48. f4 Kd5 49. Bc5 Rc3+ 50. Kd2 Rf3
51. Ke2 Rxf4 52. Kd3 Kxe5 53. Ba7 Rf3+ 54. Ke2 Ke4 55. Bxd4 Rxa3 56. Bc5
Ra2+ 57. Kd1 Kd3 58. Ke1 Re2+ 59. Kf1 Re5 {White forfeits on time} 0-1

[Event "ICC Open 2015"]
[Site "Internet Chess Club"]
[Date "2015.05.30"]
[Round "6"]
[White "QuieroAprender"]
[Black "ROWLAND"]
[Result "1-0"]
[ICCResult "Black checkmated"]
[WhiteElo "1476"]
[BlackElo "1659"]
[Opening "Philidor's defense"]
[ECO "C41"]
[NIC "KP.10"]
[Time "19:51:22"]
[TimeControl "180+0"]

1. e4 e5 2. Nf3 d6 3. Bb5+ c6 4. Bc4 Be7 5. d4 exd4 6. Qxd4 Nf6 7. e5 dxe5
8. Qxd8+ Bxd8 9. Nxe5 O-O 10. O-O Nbd7 11. Bf4 Nxe5 12. Bxe5 Bf5 13. c3 Ne4
14. Re1 Bg5 15. f4 Bh6 16. g4 Nxc3 17. Nxc3 Bxg4 18. Kf2 Rad8 19. Rg1 Rd2+
20. Ne2 Bh5 21. Bc3 Rd7 22. Ng3 Bg4 23. Rae1 b5 24. Be2 Be6 25. Bf3 c5 26.
f5 Bxa2 27. Bc6 Rdd8 28. Bxb5 Bd5 29. Nh5 f6 30. Rg3 Rf7 31. Reg1 Kf8 32.
Nxf6 gxf6 33. Rg8+ Ke7 34. Re1+ Kd6 35. Rxd8+ Kc7 36. Rxd5 Kb6 37. Bc4 Rc7
38. Rd6+ Rc6 39. Rxc6+ Kxc6 40. Re6+ Kd7 41. Rxf6 Bg7 42. Rf7+ Kd6 43. Rxg7
Kc6 44. Rxh7 Kb6 45. Rh6+ Kb7 46. f6 Kc7 47. f7 Kd7 48. f8=Q Kc7 49. Rh7+
Kb6 50. Qf6# {Black checkmated} 1-0

[Event "ICC Open 2015"]
[Site "Internet Chess Club"]
[Date "2015.05.30"]
[Round "6"]
[White "Ernani"]
[Black "Glamurius"]
[Result "1-0"]
[ICCResult "Black checkmated"]
[WhiteElo "2659"]
[BlackElo "2948"]
[Opening "English opening"]
[ECO "A30"]
[NIC "QP.11"]
[Time "19:51:26"]
[TimeControl "180+0"]

1. Nf3 Nf6 2. c4 c5 3. g3 b6 4. Bg2 Bb7 5. O-O g6 6. d4 cxd4 7. Qxd4 Bg7 8.
Nc3 d6 9. b3 Nbd7 10. Rd1 a6 11. Bb2 O-O 12. Rac1 b5 13. Nd2 Bxg2 14. Kxg2
b4 15. Na4 Nc5 16. Nxc5 Ne8 17. Qe4 Bxb2 18. Rb1 Bg7 19. Nd3 a5 20. Nf1 Nf6
21. Qf3 Qc7 22. Ne3 e6 23. Rbc1 Rfd8 24. h4 h5 25. Nc2 Nd7 26. e3 Ra6 27.
Nd4 Bxd4 28. exd4 Kg7 29. Nf4 Nf6 30. Re1 a4 31. Nd3 axb3 32. axb3 Qb6 33.
Qf4 Ra2 34. c5 Qb5 35. Qf3 dxc5 36. Rxc5 Qb8 37. Ne5 Rxd4 38. Nc6 Qd6 39.
Nxd4 Qxc5 40. Rd1 Ng4 41. Nxe6+ fxe6 42. Rd7+ Kh8 43. Rd8+ Kg7 44. Rd7+ Kh6
45. Qf4+ g5 46. hxg5+ Kg6 47. Qe4+ Kxg5 48. Rg7+ Kf6 49. Rg6+ Ke7 50. Qxe6+
Kd8 51. Rg8+ Kc7 52. Rc8+ Kb7 53. Rxc5 Rxf2+ 54. Kg1 Rf6 55. Qe7+ Kb6 56.
Qc7+ Ka6 57. Ra5# {Black checkmated} 1-0

[Event "ICC Open 2015"]
[Site "Internet Chess Club"]
[Date "2015.05.30"]
[Round "6"]
[White "geographywhiz"]
[Black "blackjack721"]
[Result "1-0"]
[ICCResult "Black checkmated"]
[WhiteElo "1956"]
[BlackElo "1437"]
[Opening "English: Caro-Kann defensive system"]
[ECO "A11"]
[NIC "EO.64"]
[Time "19:51:36"]
[TimeControl "180+0"]

1. c4 c6 2. Nc3 e6 3. e4 Nf6 4. d3 Bb4 5. g3 d6 6. Bg2 Bd7 7. Ne2 Qc8 8. O-O
Ng4 9. h3 h5 10. hxg4 hxg4 11. f3 gxf3 12. Bxf3 Na6 13. Kg2 e5 14. Rh1 Rg8
15. Be3 Bg4 16. a3 Ba5 17. b4 Bxf3+ 18. Kxf3 Bc7 19. d4 exd4 20. Nxd4 Qd7
21. Nf5 O-O-O 22. Bf4 g6 23. Nd4 f5 24. Rb1 fxe4+ 25. Nxe4 Rdf8 26. Kg2 Rxf4
27. gxf4 Kb8 28. Nf6 Qf7 29. Nxg8 Qxg8 30. Qf3 Qxc4 31. Rh8+ Bd8 32. Rxd8+
Kc7 33. Rh8 d5 34. Rh7+ Kb6 35. Ne6 Qc2+ 36. Qf2+ Qxf2+ 37. Kxf2 Kb5 38. a4+
Kxa4 39. Nc5+ Ka3 40. Nxa6 bxa6 41. Ke3 Ka2 42. Rhh1 a5 43. Kd3 axb4 44. Kc2
b3+ 45. Rxb3 c5 46. Rb2+ Ka3 47. Ra1# {Black checkmated} 1-0

[Event "ICC Open 2015"]
[Site "Internet Chess Club"]
[Date "2015.05.30"]
[Round "6"]
[White "Bacunamatata"]
[Black "EREBUNI"]
[Result "0-1"]
[ICCResult "White resigns"]
[WhiteElo "2758"]
[BlackElo "3038"]
[Opening "Sicilian: Kan, Polugaievsky variation"]
[ECO "B42"]
[NIC "SI.42"]
[Time "19:52:13"]
[TimeControl "180+0"]

1. e4 c5 2. Nf3 e6 3. d4 cxd4 4. Nxd4 a6 5. Bd3 Bc5 6. Nb3 Be7 7. Be3 d6 8.
N1d2 Nf6 9. f4 Nc6 10. Qf3 e5 11. O-O Ng4 12. Nc4 Nxe3 13. Nxe3 O-O 14. f5
Bg5 15. Nd5 Nb4 16. Nxb4 Qb6+ 17. Kh1 Qxb4 18. c3 Qb6 19. Bc4 Bd7 20. Rad1
Rac8 21. Bd5 Bb5 22. Rfe1 h6 23. g3 a5 24. h4 Bf6 25. Na1 Bd7 26. Re2 a4 27.
a3 Bc6 28. Kg2 Bxd5 29. Rxd5 Rc5 30. Rxc5 dxc5 31. Rd2 Rd8 32. Qe2 Rxd2 33.
Qxd2 c4 34. Qe2 Be7 35. Kf3 Bd6 36. Qf2 Bc5 37. Qd2 h5 38. Qe2 Qb5 39. g4
hxg4+ 40. Kxg4 Qb6 41. Kh3 Be7 42. h5 Bg5 43. Kg2 Bc1 44. Nc2 Qxb2 45. Qd1
Bg5 46. Kf3 Qxc3+ 47. Kg4 Bf4 48. f6 Qg3+ {White resigns} 0-1

[Event "ICC Open 2015"]
[Site "Internet Chess Club"]
[Date "2015.05.30"]
[Round "6"]
[White "smoothg"]
[Black "cap78red"]
[Result "1-0"]
[ICCResult "Black forfeits on time"]
[WhiteElo "1867"]
[BlackElo "1453"]
[Opening "Alekhine's defense: Maróczy variation"]
[ECO "B02"]
[NIC "AL.10"]
[Time "19:51:21"]
[TimeControl "180+0"]

1. e4 Nf6 2. d3 d6 3. Nd2 g6 4. c3 Bg7 5. Ngf3 e5 6. Qc2 O-O 7. a4 h6 8. b3
Nc6 9. Bb2 Bg4 10. Be2 a6 11. O-O b5 12. Rfe1 b4 13. c4 Bxf3 14. Nxf3 Ng4
15. h3 Nf6 16. Qd2 Nd7 17. Bf1 Nd4 18. Nxd4 exd4 19. f4 a5 20. Qf2 c5 21.
Bc1 Kh7 22. g4 Nf6 23. Bg2 Ra7 24. Bd2 Re7 25. Qg3 Ng8 26. Bf3 Rfe8 27. Qh4
Rxe4 28. Qxd8 Rxe1+ 29. Rxe1 Rxd8 30. Bd5 Rd7 31. Re8 Nf6 32. Ra8 h5 33. Bf3
hxg4 34. hxg4 d5 35. Rxa5 dxc4 36. bxc4 Rc7 37. Rb5 Nd7 38. a5 Ra7 39. Bc6
Bf8 40. Kf2 f5 41. Kf3 Kg7 42. g5 Kf7 43. Bd5+ Ke7 44. Rb7 Rxb7 45. Bxb7 Nb8
46. a6 Nxa6 47. Bxa6 b3 48. Bc1 Kd6 49. Bb2 Be7 50. Bb5 Bd8 51. Ba4 Ba5 52.
Bxb3 Bc3 53. Ba3 Bd2 54. Ba4 Bc3 55. Ke2 Bb4 56. Bc1 Ke6 57. Kd1 Ke7 58. Kc2
Kf7 59. Kb3 Be1 60. Bc6 {Black forfeits on time} 1-0

[Event "ICC Open 2015"]
[Site "Internet Chess Club"]
[Date "2015.05.30"]
[Round "6"]
[White "Govindan"]
[Black "raja2015"]
[Result "0-1"]
[ICCResult "White forfeits on time"]
[WhiteElo "1423"]
[BlackElo "1398"]
[Opening "French defense"]
[ECO "C00"]
[NIC "FR.01"]
[Time "19:51:02"]
[TimeControl "180+0"]

1. e4 e6 2. Nf3 d5 3. exd5 exd5 4. Be2 c6 5. O-O Nf6 6. Nc3 Be7 7. d4 O-O 8.
Re1 Bd6 9. Bd3 Bg4 10. Bg5 Nbd7 11. h3 Bxf3 12. Qxf3 Re8 13. Re3 Rxe3 14.
Qxe3 Qe8 15. Re1 Qxe3 16. Rxe3 Kf8 17. Kf1 Re8 18. Ke2 Rxe3+ 19. fxe3 h6 20.
Bh4 g5 21. Bf2 Kg7 22. g3 Ne8 23. Kf3 f6 24. a3 Nc7 25. Ne2 Nf8 26. c4 dxc4
27. Bxc4 Ng6 28. Nc3 a6 29. Ne4 Be7 30. b4 Nf8 31. Nc5 Bxc5 32. dxc5 Ng6 33.
Bb3 Ne5+ 34. Ke2 Kg6 35. Be1 Ne8 36. Bc3 Nd7 37. Be6 Nf8 38. Bc8 Nc7 39.
Bxb7 Nfe6 40. Bxc6 Nd8 41. Ba4 Nb5 42. Bd4 Nxa3 43. c6 Nb5 44. Bb6 Nxc6 45.
Bxb5 axb5 46. Bc5 Kf5 47. Kf3 Ke5 48. Kg4 f5+ 49. Kh5 Kf6 50. Kxh6 g4 51.
hxg4 fxg4 52. Kh5 Kf5 53. Bd6 Nd8 54. Kh6 Ne6 55. Kh7 Ng5+ 56. Kg7 Nf3 57.
Bf4 Nd2 58. Kf7 Ne4 59. Ke7 Nd2 60. Kd7 Ke4 61. Kc6 Nf1 62. Kxb5 Nxe3 63.
Bxe3 Kxe3 64. Kc5 Kf3 65. b5 Kxg3 66. b6 Kf2 67. b7 g3 68. b8=Q g2 69. Qb2+
Kf1 {White forfeits on time} 0-1

[Event "ICC Open 2015"]
[Site "Internet Chess Club"]
[Date "2015.05.30"]
[Round "6"]
[White "Champion"]
[Black "Piranha"]
[Result "1-0"]
[ICCResult "Black forfeits on time"]
[WhiteElo "1940"]
[BlackElo "1693"]
[Opening "Sicilian"]
[ECO "B56"]
[NIC "SI.25"]
[Time "19:51:38"]
[TimeControl "180+0"]

1. e4 c5 2. Nf3 d6 3. d4 cxd4 4. Nxd4 Nf6 5. Nc3 Nc6 6. Nb3 g6 7. Bd3 Bg7 8.
O-O O-O 9. h3 a6 10. Qe2 b5 11. a3 b4 12. axb4 Nxb4 13. Be3 Be6 14. Nd4 Qb8
15. Rfb1 Nxd3 16. cxd3 Qc7 17. f4 Rfb8 18. Qf2 Bd7 19. Nf3 Bb5 20. d4 Qb7
21. e5 Ne4 22. Nxe4 Qxe4 23. Ng5 Qb7 24. f5 dxe5 25. fxg6 fxg6 26. Qf7+ Kh8
27. Qe6 Rf8 28. Nf7+ Rxf7 29. Qxf7 exd4 30. Bf2 Bc6 31. Re1 e5 32. Qxb7 Bxb7
33. Rad1 Kg8 34. Bg3 Re8 35. Rxd4 e4 36. Rd7 Bc6 37. Rc7 Bb5 38. Bf2 Bd3 39.
Be3 Rb8 40. Kh2 Rxb2 41. Rxg7+ Kxg7 42. Bd4+ Kf7 43. Bxb2 a5 44. Ba3 Ke6 45.
Kg3 Kd5 46. Kf4 Kc4 47. Ke3 Kb3 48. Bd6 a4 49. Ra1 a3 50. Rxa3+ Kc4 51. Bf8
Kd5 52. Rc3 Ke6 53. Bc5 Kf5 54. g4+ Ke6 55. Bd4 Kd5 56. Rc5+ Kd6 57. Re5 Bc2
58. Rc5 Bd3 59. Rc3 {Black forfeits on time} 1-0

[Event "ICC Open 2015"]
[Site "Internet Chess Club"]
[Date "2015.05.30"]
[Round "6"]
[White "rovov"]
[Black "xyro"]
[Result "1-0"]
[ICCResult "Black forfeits on time"]
[WhiteElo "1639"]
[BlackElo "1844"]
[Opening "Réti opening"]
[ECO "A30"]
[NIC "QP.10"]
[Time "19:51:19"]
[TimeControl "180+0"]

1. Nf3 c5 2. c4 e6 3. g3 Nc6 4. Bg2 Nf6 5. O-O d5 6. cxd5 exd5 7. d4 Be7 8.
dxc5 Bxc5 9. Nc3 O-O 10. e3 Bg4 11. h3 Bxf3 12. Bxf3 d4 13. exd4 Nxd4 14.
Bg2 Qc7 15. Be3 Rad8 16. Bxd4 Bxd4 17. Qb3 Qxg3 18. Ne2 Qe5 19. Nxd4 Qxd4
20. Qxb7 Rb8 21. Qf3 Rxb2 22. Rfd1 Qb6 23. a3 g6 24. Rac1 Kg7 25. Rc6 Rxf2
26. Qxf2 Qxf2+ 27. Kxf2 a5 28. Rdd6 Nh5 29. Ra6 Nf4 30. Rxa5 h6 31. Ra7 g5
32. a4 Re8 33. Rd2 Re5 34. a5 Rf5 35. Kg1 Re5 36. a6 Re1+ 37. Kh2 Ra1 38.
Rdd7 Kg6 39. Rxf7 Ra2 40. Rxf4 gxf4 41. Kg1 Ra1+ 42. Kf2 Ra2+ 43. Kf3 Kg5
44. Rg7+ Kf6 45. Rh7 Kg5 46. a7 Ra3+ 47. Kf2 Ra2+ 48. Kg1 Kh4 49. Rxh6+ Kg3
50. Rg6+ Kh4 51. Rg7 Ra1+ 52. Kh2 Ra2 53. a8=Q Rxa8 54. Bxa8 Kh5 55. Rf7 Kg6
56. Rxf4 Kg5 57. Ra4 Kf6 58. Kg3 Ke5 59. h4 Kf6 60. h5 Kg5 61. Kf3 Kxh5 62.
Kg3 Kg5 63. Ra5+ Kf6 64. Kg4 Ke6 65. Kf4 Kd6 66. Be4 Kc7 67. Ra6
{Black forfeits on time}
1-0

[Event "ICC Open 2015"]
[Site "Internet Chess Club"]
[Date "2015.05.30"]
[Round "6"]
[White "Svinotigr"]
[Black "WayTooRighteous"]
[Result "0-1"]
[ICCResult "White forfeits on time"]
[WhiteElo "1725"]
[BlackElo "1945"]
[Opening "Réti opening"]
[ECO "A04"]
[NIC "QP.10"]
[Time "19:52:16"]
[TimeControl "180+0"]

1. Nf3 c5 2. d3 Nc6 3. Nbd2 e5 4. e4 d6 5. g3 g6 6. h4 Bg7 7. Bg2 h5 8. c3
Nge7 9. O-O O-O 10. a4 a5 11. Nc4 Be6 12. Ncd2 f5 13. Ng5 Bd7 14. exf5 Bxf5
15. Be4 Rc8 16. Bxf5 Nxf5 17. Ne6 Qd7 18. Nxf8 Rxf8 19. Qe2 Nh6 20. Ne4 Ng4
21. Bg5 b6 22. f3 Nh6 23. Bxh6 Bxh6 24. Kg2 d5 25. Ng5 Bxg5 26. hxg5 Qf5 27.
f4 e4 28. dxe4 dxe4 29. Rad1 Re8 30. Rd6 Nd8 31. Rfd1 Nf7 32. R6d5 Qe6 33.
Rd7 e3 34. R1d5 Qe4+ 35. Qf3 Qc2+ 36. Kh3 e2 37. Rxf7 e1=Q 38. Rdd7 Qb3 39.
Rg7+ Kf8 40. f5 Re7 41. Qa8+ Re8 {White forfeits on time} 0-1

[Event "ICC Open 2015"]
[Site "Internet Chess Club"]
[Date "2015.05.30"]
[Round "6"]
[White "noyb"]
[Black "orak"]
[Result "1-0"]
[ICCResult "Black forfeits on time"]
[WhiteElo "1973"]
[BlackElo "1615"]
[Opening "Old Benoni defense"]
[ECO "A43"]
[NIC "OI.09"]
[Time "19:51:34"]
[TimeControl "180+0"]

1. d4 c5 2. c3 g6 3. Nf3 Nf6 4. Bf4 Bg7 5. e3 cxd4 6. exd4 d6 7. Be2 O-O 8.
O-O Nh5 9. Bc1 Nc6 10. h3 f5 11. Nbd2 Be6 12. Ng5 Bd7 13. Qb3+ Kh8 14. Nf7+
Rxf7 15. Qxf7 Nf4 16. Bf3 Be6 17. Qxe6 Nxe6 18. d5 Ng5 19. dxc6 Nxf3+ 20.
Nxf3 bxc6 21. Bg5 h6 22. Be3 e5 23. Rfd1 Qe7 24. c4 Rd8 25. Rac1 d5 26. cxd5
cxd5 27. Bc5 Qb7 28. b4 d4 29. a3 g5 30. Nd2 e4 31. Nc4 d3 32. Nd6 Qd5 33.
Nc4 a6 34. Ne3 Qe6 35. Rb1 Bd4 36. Bxd4+ Rxd4 37. a4 f4 38. Ng4 h5 39. Nh2
e3 40. fxe3 fxe3 41. Nf3 Rd5 42. b5 axb5 43. axb5 e2 44. Rd2 Qe3+ 45. Kh2
Qf4+ 46. Kh1 Qf5 47. b6 Rb5 48. Rdb2 Rxb2 49. Rxb2 g4 50. b7 gxf3 51. b8=Q+
Kh7 52. Qc7+ Kg6 53. Rb6+ Kg5 54. Qg3+ Qg4 55. Rb5+ Kh6 56. hxg4
{Black forfeits on time}
1-0

[Event "ICC Open 2015"]
[Site "Internet Chess Club"]
[Date "2015.05.30"]
[Round "6"]
[White "jmkchess"]
[Black "dadgumit"]
[Result "1-0"]
[ICCResult "Black forfeits on time"]
[WhiteElo "1853"]
[BlackElo "1215"]
[Opening "KP: King's head opening"]
[ECO "A00"]
[Time "19:51:35"]
[TimeControl "180+0"]

1. f3 e5 2. e4 d6 3. d4 exd4 4. Ne2 c5 5. c3 Nc6 6. cxd4 cxd4 7. Nxd4 Nxd4
8. Qxd4 Nf6 9. Nc3 h6 10. Bc4 Be7 11. Bf4 Be6 12. Bb5+ Bd7 13. Bxd6 Bxb5 14.
Nxb5 Bxd6 15. Nxd6+ Kf8 16. Qc5 Kg8 17. O-O b6 18. Qc6 h5 19. Rfd1 Qf8 20.
Nf5 Qc5+ 21. Qxc5 bxc5 22. Rac1 Kh7 23. Rxc5 Rhb8 24. b3 Rb6 25. Rc7 a5 26.
Rxf7 Rg8 27. Rc1 Ra6 28. Rcc7 Ne8 29. Rce7 Rc6 30. e5 Rc1+ 31. Kf2 Rc2+ 32.
Kg3 Rxa2 33. Kh4 Rd2 34. Kxh5 Rxg2 35. h3 Rh2 36. Kg4 Rg2+ 37. Kh4 Rg6 38.
Rd7 {Black forfeits on time} 1-0

[Event "ICC Open 2015"]
[Site "Internet Chess Club"]
[Date "2015.05.30"]
[Round "6"]
[White "postmortem"]
[Black "blackending"]
[Result "1-0"]
[ICCResult "Black forfeits on time"]
[WhiteElo "2058"]
[BlackElo "1722"]
[Opening "Sicilian: Najdorf, 6...e6"]
[ECO "B95"]
[NIC "SI.04"]
[Time "19:52:03"]
[TimeControl "180+0"]

1. e4 c5 2. Nf3 d6 3. d4 cxd4 4. Nxd4 Nf6 5. Nc3 a6 6. Bg5 e6 7. Qf3 Be7 8.
O-O-O Qc7 9. h3 Nc6 10. Nb3 Bd7 11. g4 b5 12. Bxf6 Bxf6 13. Bxb5 axb5 14.
Nxb5 Qb6 15. Nxd6+ Ke7 16. Kb1 Ne5 17. Qe2 Rhd8 18. f4 Qa6 19. Qxa6 Rxa6 20.
fxe5 Bxe5 21. Nb7 Rda8 22. Rxd7+ Kxd7 23. N7c5+ Ke7 24. Nxa6 Rxa6 25. Rd1
Ra4 26. Rd7+ Ke8 27. Ra7 Rxa7 28. c4 Rd7 29. Kc2 g6 30. a4 f5 31. gxf5 exf5
32. exf5 gxf5 33. Nc5 Rc7 34. b4 Bd6 35. Na6 Rxc4+ 36. Kd3 Rxb4 37. Nxb4
Bxb4 38. Kc4 Be1 39. Kd5 Kf7 40. Ke5 Kg6 41. Kf4 Bc3 42. h4 h5 43. Kf3 Be1
44. Kf4 Bxh4 45. a5 Bd8 46. a6 Bb6 47. Kf3 Kg5 48. Kg3 {Black forfeits on
time} 1-0

[Event "ICC Open 2015"]
[Site "Internet Chess Club"]
[Date "2015.05.30"]
[Round "6"]
[White "jewels2"]
[Black "Blondicheck"]
[Result "0-1"]
[ICCResult "White forfeits on time"]
[WhiteElo "1317"]
[BlackElo "1591"]
[Opening "Queen's pawn: Charlick (Englund) gambit"]
[ECO "A40"]
[NIC "QO.17"]
[Time "19:51:52"]
[TimeControl "180+0"]

1. d4 e5 2. dxe5 Nc6 3. Bf4 Qe7 4. Nf3 Qb4+ 5. Bd2 Qxb2 6. Nc3 Nb4 7. Nd4
Bc5 8. Rb1 Qa3 9. Ndb5 Qa5 10. Rb3 c6 11. Nd6+ Bxd6 12. a3 Nxc2+ 13. Qxc2
Bxe5 14. Nd5 Qxd5 15. Rd3 Qe6 16. Re3 d5 17. f4 f6 18. fxe5 fxe5 19. Rg3 Nf6
20. Rxg7 Rg8 21. Rxg8+ Qxg8 22. h3 Qg6 23. Qxg6+ hxg6 24. g4 Ne4 25. Bh6 Ng3
26. Rg1 Ne4 27. Bg2 Nd6 28. Bg7 Nf7 29. h4 Be6 30. g5 O-O-O 31. Bf3 e4 32.
Bg4 Bxg4 33. Rxg4 Nd6 34. Bf6 Rf8 35. Be7 Rd8 36. Bxd8 Kxd8 37. Rf4 Nf5 38.
Kf2 Ke7 39. e3 Ke6 40. Rg4 c5 41. Kg2 b5 42. Kf2 a5 43. Ke2 b4 44. axb4 cxb4
45. Kd2 a4 46. Rg1 b3 47. Ra1 Ng3 48. Rxa4 Ke5 49. Rb4 Nf1+ 50. Ke2 Nh2 51.
Rxb3 Ng4 52. Kd2 Nf2 53. Ke2 Nd3 54. Kd2 Nc5 55. Kc2 Nxb3
{White forfeits on time}
0-1

[Event "ICC Open 2015"]
[Site "Internet Chess Club"]
[Date "2015.05.30"]
[Round "6"]
[White "Tyrel"]
[Black "capperuccio"]
[Result "1-0"]
[ICCResult "Black resigns"]
[WhiteElo "2116"]
[BlackElo "1787"]
[Opening "Queen's pawn"]
[ECO "A40"]
[NIC "QO.17"]
[Time "19:52:14"]
[TimeControl "180+0"]

1. d4 e6 2. e3 Nf6 3. Bd3 d5 4. Nd2 h6 5. f4 Be7 6. Ngf3 c5 7. c3 Nc6 8. Ne5
cxd4 9. exd4 O-O 10. O-O Bd7 11. Kh1 Qc7 12. Rg1 Nh7 13. g4 Nxe5 14. fxe5
Qd8 15. Nf3 Kh8 16. Qf1 Ng5 17. Qf2 Nxf3 18. Qxf3 Bg5 19. Bxg5 Qxg5 20. Qg3
Qd2 21. Rg2 Qg5 22. h4 Qe7 23. g5 h5 24. g6 f5 25. Qf3 Qxh4+ 26. Rh2 Qg4 27.
Rxh5+ Kg8 28. Qxg4 fxg4 29. Kg2 Rf3 30. Rah1 Rh3 31. R1xh3 gxh3+ 32. Rxh3
Rf8 33. Rf3 Rd8 34. Rf7 a6 35. Kf3 b5 36. Ke3 Be8 37. Ra7 Bd7 38. Rxa6 Rf8
39. Ra7 Be8 40. b3 Kh8 41. a4 bxa4 42. bxa4 Bc6 43. Ra6 Bd7 44. Ra7 Bc6 45.
Bb5 Bxb5 46. axb5 Rb8 47. b6 Kg8 48. b7 {Black resigns} 1-0

[Event "ICC Open 2015"]
[Site "Internet Chess Club"]
[Date "2015.05.30"]
[Round "6"]
[White "TheLlamaLord"]
[Black "PajoPatak"]
[Result "1-0"]
[ICCResult "Black forfeits on time"]
[WhiteElo "1655"]
[BlackElo "1648"]
[Opening "Nimzo-Indian: Kmoch variation"]
[ECO "E20"]
[NIC "NI.30"]
[Time "19:51:46"]
[TimeControl "180+0"]

1. d4 Nf6 2. c4 e6 3. Nc3 Bb4 4. f3 d5 5. a3 Bxc3+ 6. bxc3 O-O 7. e3 b6 8.
cxd5 exd5 9. Bd3 Bb7 10. Ne2 Re8 11. O-O Na6 12. Qa4 Nb8 13. c4 a5 14. Rb1
dxc4 15. Bxc4 Ba6 16. e4 Bxc4 17. Qxc4 Na6 18. Be3 Qd7 19. Rfc1 Reb8 20. d5
b5 21. Qc6 Qxc6 22. Rxc6 b4 23. axb4 axb4 24. Bf4 Ne8 25. Nd4 Rb7 26. Ra1
Rba7 27. Nb5 Rb7 28. Rcxa6 Rxa6 29. Rxa6 Rxb5 30. Ra8 Kf8 31. Bxc7 f6 32.
Bf4 b3 33. Ra1 b2 34. Rb1 Ke7 35. Kf2 Kd7 36. Ke2 g5 37. Be3 Nd6 38. Kd3
Rb3+ 39. Ke2 Nc4 40. Bd4 Na3 41. Rxb2 Rxb2+ 42. Bxb2 Nc4 43. Bd4 Ke7 44. g3
Nd6 45. Kd3 h5 46. f4 gxf4 47. gxf4 f5 48. e5 Nb5 49. Bc5+ Kd7 50. e6+ Ke8
51. Kc4 Nc7 52. Bd6 Nxe6 53. dxe6 h4 54. Kd5 h3 55. Ke5 Kd8 56. Kxf5 Ke8 57.
Ke5 Kd8 58. f5 Ke8 59. f6 Kd8 60. f7 Kc8 61. f8=N Kb7 62. Ng6 Kc6 63. Nf4
Kb5 64. Nxh3 Kc4 65. Nf4 Kb3 66. e7 Ka4 67. e8=N Kb3 68. Nf6 Kc4 69. Ne4 Kb5
70. h4 Kc6 71. h5 Kb5 72. h6 Kc4 73. h7 Kb3 74. h8=N Kb2 75. Nhg6 Kb3 76.
Ne7 Ka4 77. Ned5 Kb5 78. Nd3 Ka4 79. Nec3+ {Black forfeits on time} 1-0

[Event "ICC Open 2015"]
[Site "Internet Chess Club"]
[Date "2015.05.30"]
[Round "6"]
[White "Mighty-Penguin"]
[Black "catman"]
[Result "1-0"]
[ICCResult "Black checkmated"]
[WhiteElo "2025"]
[BlackElo "1781"]
[Opening "Catalan opening"]
[ECO "E00"]
[NIC "EO.45"]
[Time "19:51:35"]
[TimeControl "180+0"]

1. d4 Nf6 2. c4 e6 3. g3 c5 4. Nf3 cxd4 5. Nxd4 Nc6 6. Bg2 Be7 7. O-O O-O 8.
Nc3 a6 9. Nb3 Qc7 10. Bf4 Qb6 11. c5 Qa7 12. Na4 e5 13. Bg5 Rd8 14. Nb6 Rb8
15. Be3 Ng4 16. Qc1 Nxe3 17. Qxe3 d5 18. cxd6 Bxd6 19. Rfd1 Be6 20. Rac1 Nd4
21. Nxd4 exd4 22. Qxd4 Bc7 23. Nd5 Qxd4 24. Rxd4 Bxd5 25. Rxc7 Bxg2 26.
Rxd8+ Rxd8 27. Kxg2 b5 28. Ra7 g6 29. Rxa6 Rd2 30. b3 Rxe2 31. Ra5 Rb2 32.
Rxb5 Rxa2 33. Rb8+ Kg7 34. h4 h5 35. Rb6 Rb2 36. Kf3 Kg8 37. Ke3 Kg7 38. f3
Rg2 39. Kf4 Rd2 40. b4 Rd4+ 41. Ke3 Rc4 42. Rb7 Rc3+ 43. Ke4 Rc4+ 44. Kd3
Rc1 45. b5 Rg1 46. b6 Rxg3 47. Ke3 Rg1 48. Rc7 Rb1 49. b7 Kf6 50. Kd4 Ke6
51. Kc5 g5 52. hxg5 h4 53. Rc6+ Kd7 54. Rb6 Rc1+ 55. Kd4 Rc8 56. bxc8=Q+
Kxc8 57. Rh6 Kd7 58. Rxh4 Ke6 59. Rf4 Ke7 60. Ke5 Kf8 61. Kf6 Kg8 62. Rh4
Kf8 63. Rh8# {Black checkmated} 1-0

[Event "ICC Open 2015"]
[Site "Internet Chess Club"]
[Date "2015.05.30"]
[Round "6"]
[White "skibum1313"]
[Black "a-man"]
[Result "1/2-1/2"]
[ICCResult "White ran out of time and Black has no material to mate"]
[WhiteElo "1470"]
[BlackElo "1418"]
[Opening "Trompowsky attack (Ruth, Opocenský opening)"]
[ECO "A45"]
[NIC "QP.07"]
[Time "19:51:36"]
[TimeControl "180+0"]

1. d4 Nf6 2. Bg5 d5 3. Bxf6 exf6 4. e3 Bb4+ 5. c3 Ba5 6. g3 Nc6 7. Bg2 b6 8.
Ne2 Bb7 9. Nd2 O-O 10. b4 Bxb4 11. cxb4 Nxb4 12. O-O Nd3 13. Nb3 Nb2 14. Qc2
Nc4 15. Nd2 Nxd2 16. Qxd2 Re8 17. Nc3 c6 18. Qb2 Rc8 19. a4 c5 20. dxc5 Rxc5
21. Nb5 Ba6 22. Rac1 Rxc1 23. Rxc1 Bxb5 24. Qxb5 Re7 25. Qxd5 Qxd5 26. Bxd5
Rd7 27. e4 g6 28. Rb1 Kg7 29. a5 f5 30. f3 fxe4 31. fxe4 bxa5 32. Ra1 f5 33.
Rxa5 fxe4 34. Bxe4 Rd4 35. Bb7 Kf6 36. Rxa7 Rd1+ 37. Kg2 Rd2+ 38. Kh3 g5 39.
Bf3 Rd3 40. Bg4 Kg6 41. Ra6+ Kf7 42. Be2 Rd4 43. Ra7+ Ke6 44. Rxh7 Rd2 45.
Bg4+ Ke5 46. Rg7 Kf6 47. Ra7 Rd6 48. Ra5 Rb6 49. Bf5 Rb8 50. g4 Rh8+ 51. Kg3
Rb8 52. h4 Rb3+ 53. Kh2 gxh4 54. Ra6+ Kf7 55. Rh6 h3 56. Rxh3 Rxh3+ 57. Kxh3
Kf6 58. Kh4 Kg7 59. Kg5 Kf7 60. Kf4 Kg7 61. g5 Kf7 62. g6+ Kg7 63. Kg5 Kg8
64. Kh6 Kh8 65. Be4 Kg8 66. g7 Kf7 67. Kh7 Kf6 68. g8=R Ke5 69. Bh1 Kf4 70.
Re8 Kg3 71. Re1 Kf2 72. Re8 Kg3 73. Kg8 Kf4 74. Re1 Kg3 75. Kf7 Kf2 76. Re5
Kg3 77. Ke6 Kg4 78. Rf5 Kh4 79. Rf6 Kh5 80. Rf8 Kh6 81. Rg8 Kh5 82. Rg1 Kh4
83. Ba8 Kh5 84. Kf5 Kh4 85. Rg2 Kh3
{White ran out of time and Black has no material to mate}
1/2-1/2

[Event "ICC Open 2015"]
[Site "Internet Chess Club"]
[Date "2015.05.30"]
[Round "6"]
[White "bythebook"]
[Black "guibiazotto"]
[Result "0-1"]
[ICCResult "White forfeits on time"]
[WhiteElo "1633"]
[BlackElo "1630"]
[Opening "French: MacCutcheon, Janowski variation"]
[ECO "C12"]
[NIC "FR.05"]
[Time "19:52:15"]
[TimeControl "180+0"]

1. e4 e6 2. d4 d5 3. Nc3 Nf6 4. Bg5 Bb4 5. e5 h6 6. Be3 Ne4 7. Qg4 g5 8. h4
h5 9. hxg5 hxg4 10. Rxh8+ Bf8 11. g6 fxg6 12. Bh6 Qe7 13. Rxf8+ Qxf8 14.
Bxf8 Kxf8 15. Nxe4 dxe4 16. Be2 Nc6 17. c3 Bd7 18. Bxg4 Rd8 19. Ne2 Ne7 20.
Ng3 Nf5 21. Nxe4 Bc6 22. f3 Bxe4 23. fxe4 Ne3 24. Bd1 Nxg2+ 25. Kf2 Nf4 26.
Ke3 Ng2+ 27. Kf3 Nh4+ 28. Kg4 Ng2 29. Be2 Ne3+ 30. Kf3 Nc2 31. Rh1 Kg7 32.
Bc4 Rf8+ 33. Ke2 Rf4 34. Bxe6 c6 35. Rf1 Rh4 36. Rf2 Rh5 37. Kd2 Na1 38.
Rf7+ Kh6 39. Rxb7 Rh2+ 40. Kd3 Rh4 41. Rxa7 Nc2 42. Rc7 Ne1+
{White forfeits on time}
0-1